% Time on Ice - SALEM BLACK JAYS
Lines # - Real PCT - Wanted PCT - Time Play
Normal Forward
1 - 30% - 33% - 14:44
2 - 26% - 32% - 13:00
3 - 26% - 25% - 12:51
4 - 19% - 10% - 9:16
Normal Defense
1 - 31% - 36% - 15:32
2 - 36% - 31% - 18:03
3 - 29% - 23% - 14:39
4 - 3% - 10% - 1:37
PP Forward
1 - 57% - 55% - 3:25
2 - 43% - 45% - 2:32
PP Defense
1 - 59% - 55% - 3:30
2 - 41% - 45% - 2:27
PK Forward
1 - 65% - 55% - 2:43
2 - 35% - 45% - 1:29
PK Defense
1 - 35% - 55% - 1:27
2 - 65% - 45% - 2:45
PK3 Forward
1 - 0% - 55%
2 - 0% - 45%
PK3 Defense
1 - 0% - 55%
2 - 0% - 45%
44 Forward
1 - 0% - 55%
2 - 0% - 45%
44 Defense
1 - 0% - 55%
2 - 0% - 45%
Last Minute Offensive  - 0:00
Last Minute Defensive  - 0:00
Total
Forward - 60:00
Defense - 60:00
% Time on Ice - NORTH DAKOTA HAWKS
Lines # - Real PCT - Wanted PCT - Time Play
Normal Forward
1 - 33% - 32% - 16:19
2 - 30% - 30% - 15:00
3 - 25% - 24% - 12:13
4 - 13% - 14% - 6:19
Normal Defense
1 - 37% - 37% - 18:23
2 - 36% - 35% - 17:44
3 - 19% - 18% - 9:31
4 - 8% - 10% - 4:13
PP Forward
1 - 56% - 60% - 2:22
2 - 44% - 40% - 1:50
PP Defense
1 - 61% - 60% - 2:34
2 - 39% - 40% - 1:38
PK Forward
1 - 94% - 70% - 5:34
2 - 6% - 30% - 0:23
PK Defense
1 - 59% - 70% - 3:30
2 - 41% - 30% - 2:27
PK3 Forward
1 - 0% - 70%
2 - 0% - 30%
PK3 Defense
1 - 0% - 70%
2 - 0% - 30%
44 Forward
1 - 0% - 55%
2 - 0% - 45%
44 Defense
1 - 0% - 55%
2 - 0% - 45%
Last Minute Offensive  - 0:00
Last Minute Defensive  - 0:00
Total
Forward - 60:00
Defense - 60:00
Play-by-Play 1st period 0:01 of 1st period - Nazem Kadri wins face-off versus Mathew Barzal in neutral zone. 0:07 of 1st period - Icing by Nick Jensen. 0:08 of 1st period - Nick Suzuki wins face-off versus Mathew Barzal in SALEM BLACK JAYS zone. 0:19 of 1st period - Shot by Mathew Barzal. 0:19 of 1st period - Stopped by Carter Hart with a rebound. 0:36 of 1st period - Shot by Evgeny Dadonov. 0:36 of 1st period - Deflect By Mikko Rantanen. 0:36 of 1st period - Stopped by Carter Hart without a rebound. 0:37 of 1st period - Nic Dowd wins face-off versus Mitchell Marner in NORTH DAKOTA HAWKS zone. 1:10 of 1st period - Shot by Troy Terry. 1:10 of 1st period - Shot Blocked by Erik Johnson. 1:54 of 1st period - Shot by Daniel Sprong. 1:54 of 1st period - Stopped by Carter Hart without a rebound. 1:55 of 1st period - Nazem Kadri wins face-off versus Dylan Cozens in NORTH DAKOTA HAWKS zone. 2:00 of 1st period - Shot by Jason Robertson. 2:00 of 1st period - Goal by Jason Robertson - SALEM BLACK JAYS : 0 - NORTH DAKOTA HAWKS : 1. 2:01 of 1st period - Dylan Cozens wins face-off versus Dillon Dube in neutral zone. 2:30 of 1st period - Shot by Cale Makar. 2:30 of 1st period - Shot Misses the Net. 2:32 of 1st period - Shot by Ryan Lindgren. 2:32 of 1st period - Shot Misses the Net. 2:34 of 1st period - Shot by Cale Makar. 2:34 of 1st period - Shot Misses the Net. 2:40 of 1st period - Shot by Frank Vatrano. 2:40 of 1st period - Stopped by Juuse Saros with a rebound. 2:42 of 1st period - Shot by Cale Makar. 2:42 of 1st period - Shot Blocked by Nick Jensen. 2:58 of 1st period - Shot by Nazem Kadri. 2:58 of 1st period - Stopped by Juuse Saros without a rebound. 2:59 of 1st period - Mathew Barzal wins face-off versus Nick Suzuki in SALEM BLACK JAYS zone. 3:12 of 1st period - Shot by Alex Killorn. 3:12 of 1st period - Shot Misses the Net. 3:27 of 1st period - Minor Penalty to Michael Del Zotto for Hooking. 3:28 of 1st period - Nazem Kadri wins face-off versus Brian Boyle in SALEM BLACK JAYS zone. 3:37 of 1st period - Shot by Cale Makar. 3:37 of 1st period - Stopped by Juuse Saros without a rebound. 3:38 of 1st period - Nazem Kadri wins face-off versus Martin Necas in SALEM BLACK JAYS zone. 3:55 of 1st period - Shot by Nazem Kadri. 3:55 of 1st period - Stopped by Juuse Saros with a rebound. 4:01 of 1st period - Shot by Nazem Kadri. 4:01 of 1st period - Shot Misses the Net. 4:35 of 1st period - Joshua Morrissey is hit by Jason Robertson and loses puck. 5:18 of 1st period - Shot by Nick Suzuki. 5:18 of 1st period - Stopped by Juuse Saros without a rebound. 5:19 of 1st period - Nick Suzuki wins face-off versus Brian Boyle in SALEM BLACK JAYS zone. 5:22 of 1st period - Shot by Alex Killorn. 5:22 of 1st period - Shot Misses the Net. 5:24 of 1st period - Shot by Mathew Dumba. 5:24 of 1st period - Stopped by Juuse Saros without a rebound. 5:25 of 1st period - Brian Boyle wins face-off versus Jason Robertson in SALEM BLACK JAYS zone. 5:44 of 1st period - Shot by Dylan Cozens. 5:44 of 1st period - Shot Blocked by Nick Holden. 5:51 of 1st period - Minor Penalty to Erik Johnson for Hooking. 5:52 of 1st period - Mathew Barzal wins face-off versus Nic Dowd in NORTH DAKOTA HAWKS zone. 6:01 of 1st period - Mathew Dumba is hit by Mathew Barzal and loses puck. 6:26 of 1st period - Shot by Troy Terry. 6:26 of 1st period - Shot Misses the Net. 7:37 of 1st period - Shot by Evgeny Dadonov. 7:37 of 1st period - Stopped by Carter Hart without a rebound. 7:38 of 1st period - Martin Necas wins face-off versus Jake DeBrusk in NORTH DAKOTA HAWKS zone. 8:12 of 1st period - Icing by Cale Makar. 8:13 of 1st period - Nazem Kadri wins face-off versus Theodor Blueger in NORTH DAKOTA HAWKS zone. 8:23 of 1st period - Martin Necas is hit by Patrick Kane. 8:41 of 1st period - Shot by Jason Robertson. 8:41 of 1st period - Shot Blocked by Michael Del Zotto. 9:16 of 1st period - Shot by Jordan Kyrou. 9:16 of 1st period - Stopped by Juuse Saros without a rebound. 9:17 of 1st period - Nic Dowd wins face-off versus Troy Terry in SALEM BLACK JAYS zone. 9:19 of 1st period - Reyley Smith is hit by Cody Ceci. 9:23 of 1st period - Shot by Reyley Smith. 9:23 of 1st period - Shot Misses the Net. 9:47 of 1st period - Mitchell Marner is hit by Nic Dowd and loses puck. 9:58 of 1st period - Shot by Jake DeBrusk. 9:58 of 1st period - Stopped by Juuse Saros with